 Dungeon Crawl Stone Soup version 0.29-a0-1027-gcd8c55af63 (webtiles) character file.

Game seed: 4959928827748254392

18571 Mesmaeker13 the Martial Artist (level 12, -4/98 HPs)
             Began as an Octopode Transmuter on Aug 12, 2022.
             Was a Believer of Ashenzari.
             Slain by a catoblepas (16 damage)
             ... on level 2 of the Lair of Beasts.
             The game lasted 00:29:46 (16793 turns).

Mesmaeker13 the Martial Artist (OpTm)              Turns: 16793, Time: 00:29:46

Health: -4/98      AC: 10    Str: 16    XL:     12   Next: 59%
Magic:  23/25      EV: 14    Int: 19    God:    Ashenzari [**....]
Gold:   605        SH:  0    Dex: 19    Spells: 0/17 levels left

rFire   . . .      SeeInvis +     - Unarmed
rCold   + + +      Faith    .   (shield currently unavailable)
rNeg    . . .      Spirit   .   (helmet currently unavailable)
rPois   +          Reflect  .   (no amulet)
rElec   .          Harm     .   b - ring "Share My Loss" {Will+, Melee, Bglg} (curse)
rCorr   .          Rampage  .   s - ring of see invisible
Will    +....                   z - ring of the Shackled Jealousy {EV+4, Alch, Elem} (curse)
Stlth   ++........              N - ring of the Cursed Burden {Str+6, Alch, Elem} (curse)
HPRegen 0.26/turn               w - ring of Ashenzari's Chagrin {rF+, Comp, Alch} (curse)
MPRegen 0.19/turn               G - +6 ring of dexterity
                                O - ring of magical power
                                (no ring)

@: about to teleport, ice-form
A: freezing attack, boosted hp, almost no armour, amphibious, 8 rings, large,
(camouflage 1), (gelatinous body 1), (nimble swimmer 1), (tentacles)
a: End Transformation, Renounce Religion, Curse Item, Shatter the Chains


You were on level 2 of the Lair of Beasts.
You worshipped Ashenzari.
Ashenzari was pleased with you.
You were a creature of crystalline ice.
You visited 2 branches of the dungeon, and saw 12 of its levels.
You also visited: Sewer.

You collected 605 gold pieces.

Inventory:

Hand Weapons
 j - a +1 dagger of venom
 r - the +5 hand axe of the Toothy God (melded) {vorpal, rElec rPois rN++ Str-3}
   (You found it on level 3 of the Dungeon)

   It inflicts extra damage upon your enemies.
   Str:       It affects your strength (-3).
   rElec:     It insulates you from electricity.
   rPois:     It protects you from poison.
   rN:        It greatly protects you from negative energy.
 M - the +6 short sword of the Past {holy, rC+ rN+ Str+4}
   (You found it on level 7 of the Dungeon)

   It has been blessed by the Shining One to cause great damage to the undead
   and demons.
   Str:       It affects your strength (+4).
   rC:        It protects you from cold.
   rN:        It protects you from negative energy.
Missiles
 g - 12 poisoned darts (quivered)
Jewellery
 b - the cursed ring "Share My Loss" (left front paw) {Will+, Melee, Bglg}
   (You found it on level 1 of the Dungeon)

   [ring of willpower]

   Will:      It increases your willpower.
   It has a curse which improves the following skills: Melee Combat: Short
   Blades, Long Blades, Axes, Maces & Flails, Polearms, Staves and Unarmed
   Combat.
   Beguiling: Conjurations, Hexes and Translocations.
 s - a ring of see invisible (right front paw)
 w - the cursed ring of Ashenzari's Chagrin (on tentacle) {rF+, Comp, Alch}
   (You found it on level 6 of the Dungeon)

   [ring of protection from fire]

   rF:        It protects you from fire.
   It has a curse which improves the following skills: Companions: Summonings
   and Necromancy.
   Alchemy:   Poison Magic and Transmutations.
 y - an amulet of guardian spirit
 z - the cursed ring of the Shackled Jealousy (on tentacle) {EV+4, Alch, Elem}
   (You found it on level 4 of the Dungeon)

   [ring of evasion]

   EV:        It affects your evasion (+4).
   It has a curse which improves the following skills: Alchemy: Poison Magic and
   Transmutations.
   Elements:  Fire Magic, Ice Magic, Air Magic and Earth Magic.
 F - a ring of flight
 G - a +6 ring of dexterity (on tentacle)
 N - the cursed ring of the Cursed Burden (on tentacle) {Str+6, Alch, Elem}
   (You found it on level 7 of the Dungeon)

   [ring of strength]

   Str:       It affects your strength (+6).
   It has a curse which improves the following skills: Alchemy: Poison Magic and
   Transmutations.
   Elements:  Fire Magic, Ice Magic, Air Magic and Earth Magic.
 O - a ring of magical power (on tentacle)
Wands
 A - a wand of polymorph (16)
 E - a wand of flame (6)
 H - a wand of charming (4)
Scrolls
 d - a scroll of teleportation
 f - 3 scrolls of torment
 h - a scroll of magic mapping
 i - 4 scrolls of blinking
 k - 4 scrolls of immolation
 p - 3 scrolls of vulnerability
 q - a scroll of enchant weapon
 t - a scroll of poison
 I - a scroll of brand weapon
 K - 4 scrolls of enchant armour
Potions
 a - 3 potions of lignification
 c - 5 potions of attraction
 e - a potion of flight
 l - 3 potions of curing
 m - a potion of berserk rage
 n - 2 potions of ambrosia
 o - 2 potions of resistance
 B - a potion of haste
 C - 2 potions of magic
 D - a potion of brilliance
 J - a potion of mutation
Miscellaneous
 Q - a phantom mirror (inert)


   Skills:
 + Level 7.8 Fighting
 - Level 2.0 Dodging
 + Level 10.4(11.6) Unarmed Combat
 - Level 3.0 Spellcasting
 + Level 5.5(6.7) Summonings
 + Level 10.2(12.7) Transmutations
 + Level 9.2(11.2) Ice Magic
 - Level 7.6(10.2) Poison Magic


You couldn't memorise any spells.
You knew the following spells:

 Your Spells              Type           Power      Damage    Failure   Level
a - Call Canine Familiar  Summ           28%        N/A       2%          3
b - Wereblood             Tmut           50%        N/A       1%          2
c - Spider Form           Tmut/Pois      46%        N/A       1%          3
d - Ice Form              Ice/Tmut       48%        N/A       1%          4
e - Alistair's Intoxicat  Tmut/Pois      30%        N/A       3%          5

Your spell library contained the following spells:

 Spells                   Type           Power      Damage    Failure   Level
 Beastly Appendage        Tmut           100%       N/A       1%          1
 Summon Small Mammal      Summ           100%       N/A       1%          1
 Blade Hands              Tmut           25%        N/A       2%          5
 Summon Guardian Golem    Hex/Summ       16%        N/A       11%         3
 Apportation              Tloc           6%         N/A       14%         1
 Gell's Gravitas          Tloc           3%         N/A       41%         3
 Lesser Beckoning         Tloc           3%         N/A       41%         3
 Teleport Other           Tloc           3%         N/A       41%         3
 Iron Shot                Conj/Erth      1%         9d1       100%        6
 Animate Armour           Summ/Erth      Unusable   N/A       N/A         4

Dungeon Overview and Level Annotations

Branches:
Dungeon (10/15)            Temple (0/1) D:6            Lair (2/5) D:8
 Spider (0/4) Lair:2        Sewer (visited)
  Swamp: Lair:2-3    Shoals: Lair:2-3       Orc: D:9-12

Altars:
Ashenzari
Cheibriados
Elyvilon
Nemelex Xobeh
Trog

Shops:
D:10 (

Annotations:
D:10 1 runed translucent door, Lodul


Innate Abilities, Weirdness & Mutations

You are a creature of crystalline ice.
You have a powerful freezing melee attack.
Your maximum health is increased.
Your armour is entirely melded.
You are incapable of wielding weapons or throwing items.
You cannot wear most types of armour.
You are amphibious.
You can wear up to eight rings at the same time.
((Your skin changes colour to match your surroundings (Stealth+).))
((Your rubbery body absorbs attacks. (AC +1, EV +1)))
((You are camouflaged when in or above water. (Stealth+)))
((You have tentacles for arms and can constrict up to eight enemies at once.))


Message History

Found an escape hatch in the ceiling.
You now have 605 gold pieces (gained 24).
There is a shaft here.
l - 5 potions of curing (gained 1)
There is an escape hatch in the ceiling here.
There is an escape hatch in the ceiling here.
There is a shaft here.
A catoblepas comes into view.
Casting: Ice Form (mildly dangerous; 1% risk of failure)
Confirm with . or Enter, or press ? or * to list all spells.
You turn into a creature of crystalline ice.
The +5 hand axe of the Toothy God {vorpal, rElec rPois rN++ Str-3} melds into your body.
Found a book of Winter.
The catoblepas bellows!
The catoblepas gores you!
You punch the catoblepas! You freeze the catoblepas.
The catoblepas is moderately wounded.
The catoblepas gores you!!
You punch the catoblepas! You freeze the catoblepas.
The catoblepas is moderately wounded.
The catoblepas gores you!!
You punch the catoblepas! You freeze the catoblepas.
The catoblepas is heavily wounded.
The catoblepas breathes a plume of calcifying dust at you.
The blast of calcifying dust hits you.
The catoblepas breathes a plume of calcifying dust at you.
The blast of calcifying dust hits you but does no damage.
The catoblepas gores you!!
* * * LOW HITPOINT WARNING * * *
You feel better.
The catoblepas gores you but does no damage.
As you read the scroll of teleportation, it crumbles to dust.
You feel strangely unstable. The catoblepas gores you!
* * * LOW HITPOINT WARNING * * *
Unknown command.
You feel better.
The catoblepas gores you but does no damage.
The catoblepas attacks as you move away!
The catoblepas gores you!
You die...

, *** , ,
....## ~
,..^..* ,
.S ~ ,* *
#...# ...#
#.:.# ....~
* #...#
♣~..~. ,
##...#
~♣♣... ,*
#.§..#
~~~♣..
##Y..##
......
##Y§..#
~~P~.~ ~~
#....##
~~~~.~ ~
#....#
~~~≈.~ ~**
#....#
♣~~~.~ ~~ ~
*##.§.#
*♣~~.~ *
#.§.# *≈~.≈
#.###
♣♣~≈.~≈~~PP
* #.#
♣~~~.~≈≈≈~♣
#.##


You could see a catoblepas.

Vanquished Creatures
  Harold (D:9)
  2 hydras
  A boulder beetle (Lair:1)
  Nergalle (Lair:2)
  Joseph (D:7)
  A black mamba (D:8)
  2 cane toads
  A kobold demonologist (D:7)
  4 komodo dragons
  A polar bear (Lair:2)
  2 trolls (D:9)
  Prince Ribbit (D:6)
  8 blink frogs
  Grinder (D:6)
  Sigmund (D:2)
  A wraith (D:9)
  Eustachio (D:6)
  30 yaks
  3 vampire mosquitoes (D:8)
  2 steam dragons
  4 basilisks (Lair:1)
  An acid dragon (D:9)
  6 water moccasins
  Duvessa (D:6)
  3 orc warriors
  An ice beast (D:7)
  A black bear (D:7)
  7 ogres
  4 wolves (Lair:2)
  4 centaurs
  A phantom (D:6)
  A kobold brigand (D:9)
  5 bullfrogs
  2 scorpions
  Dowan (D:6)
  6 killer bees (D:9)
  4 electric eels
  A howler monkey (D:8)
  3 hounds
  10 orc priests
  4 iguanas
  7 orc wizards
  5 river rats (Sewer)
  13 adders
  2 shadow imps
  2 white imps
  An ufetubus (D:5)
  3 dart slugs
  29 orcs
  10 ball pythons
  7 bats
  5 endoplasms
  9 giant cockroaches
  7 goblins
  8 hobgoblins
  2 jackals
  5 quokkas
  7 frilled lizards
  12 kobolds
  16 rats
285 creatures vanquished.

Vanquished Creatures (collateral kills)
  A yak (D:9)
1 creature vanquished.

Vanquished Creatures (others)
  A yak (D:9)
  A bush (Lair:1)
  4 fungi
  20 plants
26 creatures vanquished.

Grand Total: 312 creatures vanquished

Notes
Turn   | Place    | Note
-------+----------+-------------------------------------------
     0 | D:1      | Mesmaeker13 the Octopode Transmuter began the quest for the
                  | Orb.
     0 | D:1      | Reached XP level 1. HP: 13/13 MP: 3/3
   298 | D:1      | Reached XP level 2. HP: 18/18 MP: 3/5
  1091 | D:1      | Reached XP level 3. HP: 23/23 MP: 4/6
  1103 | D:1      | Found a faded altar of an unknown god.
  1107 | D:1      | Noticed an eye of devastation
  1107 | D:1      | Noticed a golden eye
  1108 | D:1      | Noticed a floating eye
  1108 | D:1      | Noticed a great orb of eyes
  1125 | D:1      | Learned a level 2 spell: Wereblood
  1507 | D:2      | Noticed an ogre
  1588 | D:1      | Learned a level 3 spell: Spider Form
  1635 | D:2      | Reached XP level 4. HP: 16/28 MP: 8/8
  2023 | D:3      | Found a glowing drain.
  2039 | Sewer    | Entered a sewer
  2253 | Sewer    | Reached XP level 5. HP: 25/33 MP: 7/9
  2402 | Sewer    | Reached skill level 1 in Poison Magic
  3449 | D:3      | Found a white marble altar of Elyvilon.
  3646 | D:2      | Noticed Sigmund
  3822 | D:3      | Identified the +5 hand axe of the Toothy God {vorpal, rElec
                  | rPois rN++ Str-3}
  3881 | D:3      | Reached XP level 6. HP: 38/38 MP: 6/10
  4325 | D:3      | Learned a level 4 spell: Ice Form
  4947 | D:4      | Reached skill level 1 in Ice Magic
  5136 | D:4      | Reached skill level 5 in Unarmed Combat
  5136 | D:4      | Reached XP level 7. HP: 27/43 MP: 7/11
  5398 | D:4      | Found a broken altar of Ashenzari.
  5404 | D:4      | Became a worshipper of Ashenzari the Shackled
  5977 | D:5      | Entered Level 5 of the Dungeon
  6958 | D:5      | Found a sparkling altar of Nemelex Xobeh.
  7314 | D:5      | Reached skill level 5 in Transmutations
  7346 | D:6      | Reached XP level 8. HP: 48/48 MP: 9/12
  7516 | D:6      | Reached * piety under Ashenzari
  7522 | D:6      | Noticed Eustachio
  7551 | D:6      | Noticed Duvessa
  7566 | D:6      | Identified the cursed ring "Share My Loss" {Will+, Melee,
                  | Bglg} (You found it on level 1 of the Dungeon)
  7566 | D:6      | Identified the cursed ring of the Shackled Jealousy {EV+4,
                  | Alch, Elem} (You found it on level 4 of the Dungeon)
  7772 | D:6      | Found a staircase to the Ecumenical Temple.
  7781 | D:6      | Killed Duvessa
  7811 | D:6      | Noticed Dowan
  7821 | D:6      | Killed Dowan
  7822 | D:6      | Reached skill level 5 in Poison Magic
  7925 | D:6      | Killed Eustachio
  8065 | D:6      | Noticed Grinder
  8079 | D:6      | Killed Grinder
  8185 | D:6      | Reached XP level 9. HP: 39/53 MP: 10/13
  8278 | D:6      | Noticed Prince Ribbit
  8287 | D:6      | Killed Prince Ribbit
  8739 | D:2      | Killed Sigmund
  8740 | D:2      | Reached skill level 5 in Ice Magic
  9023 | D:2      | Identified the +3 leather armour of Sif Muna's Favour {Harm
                  | Stlth+}
  9338 | D:7      | Identified the +6 short sword of the Past {holy, rC+ rN+
                  | Str+4}
  9357 | D:7      | Noticed Joseph
  9383 | D:7      | Killed Joseph
  9693 | D:7      | Noticed a kobold demonologist
  9696 | D:7      | Noticed a sixfirhy
  9703 | D:7      | Killed a kobold demonologist
  9936 | D:7      | Identified the +2 robe of Plasticity {rN++ Dex-5}
  9993 | D:7      | Reached XP level 10. HP: 63/63 MP: 9/14
 10131 | D:7      | Found a snail-covered altar of Cheibriados.
 10497 | D:8      | Found a bloodstained altar of Trog.
 10499 | D:8      | Noticed a two-headed ogre
 10524 | D:7      | Learned a level 5 spell: Alistair's Intoxication
 10573 | D:8      | Found a staircase to the Lair.
 11345 | Lair:1   | Entered Level 1 of the Lair of Beasts
 11345 | Lair:1   | Noticed a cane toad
 11352 | D:8      | Killed a cane toad
 12073 | Lair:1   | Noticed a black mamba
 12300 | D:9      | Found the +3 woodcutter's axe {vorpal}
 12409 | D:9      | Reached skill level 5 in Fighting
 12603 | D:9      | Identified the +0 quarterstaff "Wil Iskafodgh" {antimagic,
                  | Fly rCorr Dex+8}
 12721 | D:9      | Reached XP level 11. HP: 72/72 MP: 10/15
 12784 | D:9      | Reached skill level 1 in Summonings
 13153 | D:9      | Noticed Harold
 13163 | D:9      | Killed Harold
 13707 | D:10     | Entered Level 10 of the Dungeon
 13711 | D:10     | Found Ofuejo Topao's Weapon Shoppe.
 13711 | D:10     | Noticed Lodul
 13789 | D:10     | Found a runed translucent door.
 14920 | Lair:1   | Reached ** piety under Ashenzari
 15114 | Lair:1   | Noticed a boulder beetle
 15126 | Lair:1   | HP: 4/88 [boulder beetle (12)]
 15279 | Lair:2   | Noticed Nergalle
 15447 | Lair:1   | Killed a boulder beetle
 15487 | Lair:1   | Reached XP level 12. HP: 80/80 MP: 16/16
 15703 | Lair:1   | Noticed an eight-headed hydra
 15711 | Lair:1   | Killed an eight-headed hydra
 15712 | Lair:1   | Reached skill level 10 in Unarmed Combat
 15754 | Lair:1   | Reached skill level 5 in Summonings
 15757 | Lair:1   | Reached skill level 10 in Transmutations
 15764 | Lair:1   | Learned a level 3 spell: Call Canine Familiar
 16152 | Lair:2   | Noticed a four-headed hydra
 16340 | Lair:2   | Killed a four-headed hydra
 16670 | Lair:2   | Killed Nergalle
 16698 | Lair:2   | Found a hole to the Spider Nest.
 16778 | Lair:2   | Noticed a catoblepas
 16793 | Lair:2   | Slain by a catoblepas

Illustrated notes

Levels and vault maps discovered:
D:1:      dpeg_arrival_concentric_ovals, layout_basic,
          hellmonk_ecumenical_altar_watching_god
D:2:      layout_rooms, uniq_sigmund
D:3:      layout_rooms, lemuel_round_altar, gup_sewer_entry_pipe
D:4:      layout_basic, evilmike_ruin_ashenzari
D:5:      layout_basic, general_overflow_altar
D:6:      nicolae_BIG_FREAKIN_CUBE, layout_basic, minmay_temple_entry_glass,
          serial_bayou_lagoon_a, kennysheep_diamond, dk_rats_in_the_wall,
          uniq_duvessa, uniq_eustachio, uniq_grinder, uniq_prince_ribbit1
D:7:      layout_loops_corners, kennysheep_slug_shrine, uniq_joseph
D:8:      layout_gridville, nicolae_overflow_crystal_walls, lair_entry_dummy
D:9:      layout_loops_corners, uniq_harold
D:10:     layout_irregular_city, tgw_kikubaaqudgha,
          mainiacjoe_overflow_surrounded_room, kennysheep_mini_moat,
          serial_shops, nicolae_shop_advertising_works
          [nicolae_subvault_shop_adworks], serial_column_ruins,
          column_ruins_open_tiny, column_ruins_corridor_straight,
          column_ruins_grid_1, column_ruins_grid_2, minmay_statue_crystal_thing,
          uniq_sonja, uniq_lodul
Lair:1:   layout_misc_corridors, beast_lair_carwin_4
Lair:2:   layout_gridlike, minmay_shoals_entry_hut, dummy_spider_entry,
          serial_bayou_lagoon_b, uniq_nergalle

Skill      XL: |  1  2  3  4  5  6  7  8  9 10 11 12 |
---------------+-------------------------------------+-----
Transmutations | 3 4 5 6 7 8 9 10 | 10.2
Spellcasting   | 3 |  3.0
Unarmed Combat | 4 5 6 7 8 9 10 | 10.4
Poison Magic   | 2 3 4 6 7 |  7.6
Ice Magic      | 1 2 4 6 7 8 9 |  9.2
Fighting       | 3 5 6 7 |  7.8
Summonings     | 4 5 |  5.5
Dodging        | |  2.0

Action                   |  1- 3 |  4- 6 |  7- 9 | 10-12 || total
-------------------------+-------+-------+-------+-------++-------
Melee: Unarmed           |    67 |   168 |   135 |   336 ||   706
       Constrict         |    20 |    26 |     7 |     2 ||    55
       Kick              |    20 |    34 |     1 |       ||    55
       Tentacles         |     8 |    21 |     4 |     1 ||    34
       Punch             |     2 |     3 |     1 |       ||     6
       Hand axe          |       |    13 |    26 |     6 ||    45
Throw: Dart              |       |     6 |       |       ||     6
 Cast: Beastly Appendage |    22 |    26 |     6 |       ||    54
       Wereblood         |     1 |    10 |     3 |    20 ||    34
       Spider Form       |       |    11 |    10 |       ||    21
       Ice Form          |       |       |    18 |    37 ||    55
       Alistair's Intoxi |       |       |       |     4 ||     4
Invok: Curse Item        |       |       |     2 |     2 ||     4
 Abil: End Transformatio |       |       |     1 |       ||     1
Evoke: Wand              |       |       |    15 |    28 ||    43
       Phantom mirror    |       |       |       |     2 ||     2
  Use: Scroll            |       |     7 |     2 |     7 ||    16
       Potion            |       |     3 |       |     9 ||    12
 Stab: Sleeping          |     2 |     6 |     2 |     1 ||    11
Armor: Skin              |     4 |    19 |    16 |    64 ||   103
Dodge: Dodged            |    49 |   117 |   118 |   199 ||   483

Table legend: (Time is in decaauts)
 A = Elapsed time spent in this place.
 B = Non-inter-level travel time spent in this place.
 C = Inter-level travel time spent in this place.
 D = Time resting spent in this place.
 E = Time spent auto-exploring this place.
 F = Levels seen in this place.
 G = Mean time per level.
                   A        B        C        D        E       F      G
               +--------+--------+--------+--------+--------+-----+--------+
         Total |  16698 |  15975 |    723 |   5062 |   8138 |  13 | 1284.5 |
       Dungeon |  13529 |  12813 |    716 |   3704 |   6959 |  10 | 1352.9 |
          Lair |   1925 |   1918 |      7 |    566 |    949 |   2 |  962.5 |
         Sewer |   1243 |   1243 |      0 |    792 |    230 |   1 | 1243.0 |
               +--------+--------+--------+--------+--------+-----+--------+

Top non-repeatable levels by time:
     D:8: 2127 daAuts
     D:9: 1786 daAuts
     D:1: 1667 daAuts
  Lair:1: 1659 daAuts
     D:3: 1602 daAuts
     D:7: 1562 daAuts
     D:6: 1535 daAuts
   Sewer: 1243 daAuts
     D:5: 1211 daAuts
     D:4: 1104 daAuts
     D:2: 783 daAuts
  Lair:2: 265 daAuts
    D:10: 149 daAuts
